 Dungeon Crawl Stone Soup version 0.25.0-9-g26727b657a (webtiles) character file.

Game seed: 2082087217649068057

2479 vurker the Demolition Ghoul (level 9, 0/78 HPs)
             Began as a Ghoul Monk on June 20, 2020.
             Was an Elder of Makhleb.
             Slain by a seven-headed hydra (11 damage)
             ... on level 8 of the Dungeon.
             The game lasted 00:14:03 (7882 turns).

vurker the Demolition Ghoul (Ghoul Monk)            Turns: 7882, Time: 00:14:04

Health: 0/78       AC: 17    Str: 18    XL:     9   Next: 51%
Magic:  13/13      EV: 10    Int: 11    God:    Makhleb [****..]
Gold:   214        SH:  0    Dex: 17    Spells: 8/8 levels left

rFire    + . .     SeeInvis .     - Unarmed
rCold    + . .     Gourm    .   (no shield)
rNeg     + + +     Faith    .   b - +3 chain mail {rF+}
rPois    ∞         Spirit   .   g - +0 helmet
rElec    .         Reflect  .   r - +0 cloak (curse)
rCorr    .         Harm     .   d - +1 pair of gloves
MR       .....                  (no boots)
Stlth    ..........             (no amulet)
HPRegen  0.00/turn              l - +6 ring of dexterity
MPRegen  0.13/turn              u - +6 ring of intelligence

@: rotting
A: rotting body, claws 1, carnivore, cold resistance 1, negative energy
resistance 3, inhibited regeneration, torment resistance, unbreathing
a: Minor Destruction, Lesser Servant of Makhleb, Major Destruction, Renounce
Religion


You were on level 8 of the Dungeon.
You worshipped Makhleb.
Makhleb was greatly pleased with you.
You were not hungry.

You visited 1 branch of the dungeon, and saw 8 of its levels.

You collected 375 gold pieces.
You spent 161 gold pieces at shops.

Inventory:

Missiles
 n - 2 javelins (quivered)
Armour
 b - a +3 chain mail of fire resistance (worn)
   (You took it off Edmund on level 4 of the Dungeon)
 d - a +1 pair of gloves (worn)
   (You found it on level 1 of the Dungeon)
 g - a +0 helmet (worn)
   (You took it off Robin on level 4 of the Dungeon)
 r - a cursed +0 cloak (worn)
   (You found it on level 6 of the Dungeon)
Jewellery
 l - a +6 ring of dexterity (left hand)
   (You found it on level 1 of the Dungeon)
 u - a +6 ring of intelligence (right hand)
   (You found it on level 6 of the Dungeon)
Wands
 c - a wand of disintegration (14)
   (You took it off Ijyb on level 5 of the Dungeon)
 t - a wand of flame (7)
   (You took it off a gnoll on level 6 of the Dungeon)
Scrolls
 h - 2 scrolls of enchant armour
 o - 2 scrolls of magic mapping
 p - 2 scrolls of remove curse
 w - a scroll of fog
 x - a scroll of teleportation
 y - a scroll of noise {unknown}
Potions
 f - 2 potions of curing
 i - 2 potions of heal wounds
 j - 4 potions of might
 k - a potion of haste
 q - 2 potions of cancellation
 s - 2 potions of flight
 v - 2 potions of invisibility
Comestibles
 e - 11 rations


   Skills:
 + Level 6.6 Fighting
 + Level 4.6 Armour
 - Level 5.0 Dodging
 - Level 2.1 Stealth
 * Level 7.1 Unarmed Combat
 * Level 7.4 Invocations


You had 8 spell levels left.
You didn't know any spells.
Your spell library contained the following spells:

 Spells                   Type           Power        Failure   Level  Hunger
 Confusing Touch          Hex            #.......     100%        3    ####...
 Gell's Gravitas          Tloc           #.........   100%        3    ####...
 Petrify                  Tmut/Erth      #.......     100%        4    #####..
 Metabolic Englaciation   Hex/Ice        #.........   100%        5    ######.
 Yara's Violent Unravell  Hex/Tmut       #.........   100%        5    ######.


Dungeon Overview and Level Annotations

Branches:
Dungeon (8/15)             Temple (0/1) D:5
   Lair: D:8-11

Altars:
Dithmenos
Elyvilon
Kikubaaqudgha
Makhleb
Nemelex Xobeh
Okawaru
Ru
Yredelemnul
The Shining One

Shops:
D:4 ?

Annotations:
D:5 2 transporters, Blork the orc, Menkaure


Innate Abilities, Weirdness & Mutations

Your body is rotting away.
You thrive on raw meat.
You are immune to poison.
You have sharp fingernails.
You are carnivorous and can eat meat at any time.
Your flesh is cold resistant. (rC+)
You are immune to negative energy. (rN+++)
You do not regenerate when monsters are visible.
You are immune to unholy pain and torment.
You can survive without breathing.


Message History

The seven-headed hydra closely misses your neqoxec.
The seven-headed hydra bites your neqoxec!
Your neqoxec hits the seven-headed hydra.
Your ufetubus hits the seven-headed hydra.
Your ufetubus barely misses the seven-headed hydra.
The seven-headed hydra misses your ufetubus. x3
The seven-headed hydra closely misses your ufetubus.
The seven-headed hydra barely misses your ufetubus.
The seven-headed hydra bites your ufetubus but does no damage.
The seven-headed hydra bites your ufetubus!
Your ufetubus dies!
Your neqoxec hits the seven-headed hydra.
Aim: a seven-headed hydra (heavily wounded)
The bolt of negative energy hits the seven-headed hydra!
The seven-headed hydra is drained!
Your neqoxec hits the seven-headed hydra.
Aim: a seven-headed hydra (almost dead, lightly drained, chance to defeat MR: 34%)
The seven-headed hydra easily resists.
A quasit comes into view.
The seven-headed hydra closely misses you.
The seven-headed hydra bites you!
* * * LOW HITPOINT WARNING * * *
The seven-headed hydra bites you but does no damage.
The seven-headed hydra bites you.
* * * LOW HITPOINT WARNING * * *
The seven-headed hydra bites you but does no damage. x2
The seven-headed hydra bites you!
* * * LOW HITPOINT WARNING * * *
The quasit bites your neqoxec but does no damage.
The quasit claws your neqoxec but does no damage.
The quasit claws your neqoxec.
Your neqoxec gestures.
Okay, then.
Eat a chunk of flesh? (ye/n/q)
You eat the chunk of flesh.
This raw flesh tastes great!
The quasit closely misses your neqoxec.
The quasit claws your neqoxec but does no damage.
The quasit closely misses your neqoxec.
The seven-headed hydra bites you but does no damage. x3
The seven-headed hydra misses you.
The seven-headed hydra completely misses you.
The seven-headed hydra barely misses you.
The seven-headed hydra closely misses you.
Your shadow imp hits the seven-headed hydra.
Your neqoxec hits the quasit!
You hit the seven-headed hydra but do no damage.
The quasit barely misses your neqoxec.
The quasit claws your neqoxec but does no damage.
The quasit claws your neqoxec. The seven-headed hydra bites you!
You die...

,,* *,* *,* *,**
*,**********,********* *,,*
*,,,,,,,,,,,,*,,,,,,,* **,**
*,************,,,,,,,* *,,*
*,*,,,,* *,,,,,,,* **,*
*,*,**,*******,,,,,,,* *,*
*,*,**,*<,,,,,,,,,,,,* *,*
*,,,,,,*,#####,,,,,,,*
*,***,*,****,#@D3#,,,,,,,******
*,,**,*,*,,*,#5#5#,**,,,,,,,,,,
**,**,*,*,,*+###.#,**,,,,******
*,**,*,*,,,,,,..#,**,,,,*
*,**,*,*,,,,,*###,**,,,,*
*,**,*,**,,,,****,**,,,,*
*,**,*,*,,,,,,,,,,***,***
*,,*,*,*,,,,,****** *,*
**,*,*,*,,,,,* *,*


You could see a seven-headed hydra (drained), a quasit, a friendly neqoxec
(summoned) and a friendly shadow imp (summoned).

Vanquished Creatures
  Maggie (D:6)
  A hippogriff (D:6)
  Sigmund (D:3)
  Edmund (D:4)
  Duvessa (D:5)
  A sky beast (D:6)
  4 centaurs
  A bullfrog (D:2)
  Dowan (D:5)
  2 scorpions
  2 howler monkeys
  A crimson imp (D:6)
  A bullfrog zombie (D:5)
  An orc priest (D:5)
  3 jellies (D:5)
  4 hounds
  Jessica (D:2)
  Ijyb (D:5)
  4 worker ants
  Robin (D:4)
  6 gnolls
  10 adders
  2 shadow imps (D:7)
  An ooze (D:7)
  An adder zombie (D:7)
  3 adder skeletons
  A worm (D:2)
  3 dart slugs
  7 leopard geckos
  18 orcs
  19 giant cockroaches
  16 goblins
  17 hobgoblins
  9 jackals
  9 kobolds
  5 quokkas
  A ball python (D:2)
  2 bats
  6 frilled lizards
  2 quokka skeletons
  12 rats
183 creatures vanquished.

Vanquished Creatures (collateral kills)
  A hippogriff (D:5)
1 creature vanquished.

Vanquished Creatures (others)
  A quokka (D:2)
1 creature vanquished.

Grand Total: 185 creatures vanquished

Notes
Turn   | Place    | Note
-------+----------+-------------------------------------------
     0 | D:1      | vurker the Ghoul Monk began the quest for the Orb.
     0 | D:1      | Reached XP level 1. HP: 19/19 MP: 0/0
   178 | D:1      | Reached XP level 2. HP: 26/26 MP: 1/1
   655 | D:1      | Reached XP level 3. HP: 30/31 MP: 2/2
   669 | D:1      | Reached skill level 1 in Armour
  1255 | D:2      | Noticed a bullfrog
  1274 | D:2      | Killed a bullfrog
  1274 | D:2      | Reached XP level 4. HP: 20/40 MP: 3/3
  1289 | D:2      | Reached XP level 5. HP: 10/46 MP: 4/4
  1655 | D:2      | Found a burning altar of Makhleb.
  1670 | D:2      | Became a worshipper of Makhleb the Destroyer
  1670 | D:2      | Reached * piety under Makhleb
  1670 | D:2      | Reached ** piety under Makhleb
  1848 | D:2      | Found a white marble altar of Elyvilon.
  2180 | D:2      | Reached skill level 1 in Invocations
  2307 | D:2      | Noticed Jessica
  2317 | D:2      | Killed Jessica
  2578 | D:3      | Noticed Sigmund
  2645 | D:2      | Reached XP level 6. HP: 52/53 MP: 6/6
  2697 | D:3      | Killed Sigmund
  2765 | D:3      | Reached *** piety under Makhleb
  2830 | D:3      | Found a glowing golden altar of the Shining One.
  2834 | D:3      | Noticed Robin
  3152 | D:3      | Reached XP level 7. HP: 58/60 MP: 8/8
  3588 | D:4      | Noticed Edmund
  3638 | D:4      | Killed Edmund
  3811 | D:4      | Killed Robin
  3996 | D:4      | Found Duox's Magic Scroll Boutique.
  4004 | D:4      | Bought a scroll of magic mapping for 49 gold pieces
  4004 | D:4      | Bought a scroll of identify for 28 gold pieces
  4004 | D:4      | Bought a scroll of identify for 28 gold pieces
  4004 | D:4      | Bought a scroll of identify for 28 gold pieces
  4004 | D:4      | Bought a scroll of identify for 28 gold pieces
  4102 | D:4      | Reached skill level 5 in Unarmed Combat
  4124 | D:4      | Reached skill level 5 in Fighting
  4568 | D:4      | Found a sacrificial altar of Ru.
  4683 | D:5      | Entered Level 5 of the Dungeon
  4984 | D:5      | Reached XP level 8. HP: 68/68 MP: 10/10
  5044 | D:5      | Found a staircase to the Ecumenical Temple.
  5054 | D:5      | Noticed Duvessa
  5069 | D:5      | Noticed Dowan
  5085 | D:5      | Killed Duvessa
  5085 | D:5      | Reached skill level 5 in Invocations
  5106 | D:5      | Killed Dowan
  5268 | D:5      | Noticed Ijyb
  5286 | D:5      | Killed Ijyb
  5408 | D:5      | Found a transporter.
  5410 | D:5      | Noticed Blork the orc
  5412 | D:5      | Found a transporter.
  5413 | D:5      | Noticed a wraith
  5418 | D:5      | Noticed Menkaure
  5420 | D:5      | Found an ancient bone altar of Kikubaaqudgha.
  5430 | D:5      | Found a basalt altar of Yredelemnul.
  5440 | D:5      | Found a sparkling altar of Nemelex Xobeh.
  5597 | D:5      | Found a shadowy altar of Dithmenos.
  5925 | D:6      | Noticed a hippogriff
  6014 | D:6      | Reached **** piety under Makhleb
  6099 | D:6      | Noticed Maggie
  6138 | D:6      | Killed Maggie
  6138 | D:6      | Reached skill level 5 in Dodging
  6364 | D:5      | Killed a hippogriff
  6364 | D:5      | Reached XP level 9. HP: 19/75 MP: 12/12
  7346 | D:7      | Found an iron altar of Okawaru.
  7869 | D:8      | Noticed a seven-headed hydra
  7880 | D:8      | HP: 3/78 [seven-headed hydra (9)]
  7882 | D:8      | Slain by a seven-headed hydra

Illustrated notes

Levels and vault maps discovered:
D:1:      lemuel_arrival_behind_the_door_small, layout_loops_corners,
          kennysheep_decorative_pillar
D:2:      minmay_roachtagon, layout_basic, lemuel_round_altar, elyvilon_altar_4,
          uniq_jessica
D:3:      layout_loops_cross, nicolae_overflow_hidden_temple,
          corexii_corridor_pit, serial_bayou_lake_a, uniq_sigmund, uniq_robin
D:4:      layout_loops_corners, kennysheep_little_box, serial_shops,
          nicolae_shop_competitors_out_of_business, minmay_misc_feat_nine_boxes,
          uniq_edmund
D:5:      layout_loops_cross, gammafunk_temple_of_torment,
          nicolae_dithmenos_shadow_blocks, nemelex_xobeh_ov_fountains_minmay,
          minmay_temple_entry_mini_moons, first_ration, uniq_duvessa,
          uniq_blork_the_orc, uniq_ijyb
D:6:      layout_cave_pools, uniq_maggie
D:7:      layout_basic, okawaru_altar_gauntlet_db
D:8:      layout_basic, gup_ossuary_entry_pyramid

Skill      XL: |  1  2  3  4  5  6  7  8  9 |
---------------+----------------------------+-----
Dodging        | 3 4 5 |  5.0
Armour         | 1 2 3 4 |  4.6
Fighting       | 4 5 6 |  6.6
Unarmed Combat | 4 5 6 7 |  7.1
Invocations    | 2 3 4 6 7 |  7.4
Stealth        | |  2.1

Action                   |  1- 3 |  4- 6 |  7- 9 || total
-------------------------+-------+-------+-------++-------
Melee: Unarmed           |   125 |   214 |   585 ||   924
       Punch             |     2 |     4 |    12 ||    18
Throw: Javelin           |       |     1 |       ||     1
Invok: Minor Destruction |       |     4 |       ||     4
       Lesser Servant of |       |       |     4 ||     4
       Major Destruction |       |       |     1 ||     1
Evoke: Wand              |       |       |     1 ||     1
  Use: Scroll            |       |       |    19 ||    19
  Eat: Chunk             |     6 |     6 |    17 ||    29
Armor: Robe              |    20 |       |       ||    20
       Scale mail        |    37 |    86 |    22 ||   145
       Chain mail        |       |       |   380 ||   380
Dodge: Dodged            |   118 |   130 |   342 ||   590
